 Dungeon Crawl Stone Soup version 0.19.0-23-gf02e663 (webtiles) character file.

22969 RKaid the Brawler (level 12, -1/106 (107) HPs)
             Began as a Troll Monk on Nov 19, 2016.
             Was a High Priest of Qazlal.
             Slain by an orc warrior
             ... wielding a +0 halberd
              (4 damage)
             ... on level 1 of the Orcish Mines.
             The game lasted 00:22:38 (15111 turns).

RKaid the Brawler (Troll Monk)                     Turns: 15111, Time: 00:22:39

HP:   -1/106 (107)  AC: 15    Str: 26    XL:     12   Next: 67%
MP:   19/19         EV: 10    Int:  6    God:    Qazlal [*****.]
Gold: 913           SH:  6    Dex: 12    Spells: 0 memorised, 11 levels left

rFire  + . .     SeeInvis .       - Unarmed
rCold  . . .     Gourm    +     H - +0 robe {rF+}
rNeg   . . .     Faith    .     (no shield)
rPois  .         Spirit   .     (helmet restricted)
rElec  .         Reflect  .     (no cloak)
rCorr  .         Harm     .     (gloves unavailable)
MR     .....                    (boots unavailable)
Stlth  +.........               L - amulet of rage {+Rage, !d}
                                B - +5 ring of protection
                                e - +4 ring of slaying

@: protected from physical damage, repel missiles, drained
A: unfitting armour, claws 3, molten scales 1, fast metabolism 3, gourmand,
regeneration 1, shaggy fur 1, tough skin 2, MP-powered wands
a: Upheaval, Elemental Force, Disaster Area, Renounce Religion, Evoke Berserk
Rage


You were on level 1 of the Orcish Mines.
You worshipped Qazlal.
Qazlal was extremely pleased with you.
You were not hungry.

You visited 4 branches of the dungeon, and saw 18 of its levels.

You collected 913 gold pieces.

Inventory:

Missiles
 J - 2 throwing nets {=f}
Armour
 H - a +0 robe of fire resistance (worn)
   (You took it off Erica on level 2 of the Lair of Beasts)
Magical Staves
 w - an uncursed staff of earth {unknown}
   (You found it on level 6 of the Dungeon)
Jewellery
 a - an uncursed ring of protection from magic {MR+, !d}
   (You found it on level 2 of the Lair of Beasts)
 e - a +4 ring of slaying (left claw)
   (You found it on level 1 of the Dungeon)
 g - an uncursed ring of positive energy {rN+}
   (You found it on level 6 of the Dungeon)
 q - an uncursed ring of protection from fire {rF+, !d}
   (You found it on level 6 of the Dungeon)
 y - an uncursed ring of see invisible {sInv, !d}
   (You found it on level 7 of the Dungeon)
 B - a +5 ring of protection (right claw)
   (You found it on level 7 of the Dungeon)
 F - an uncursed ring of flight {+Fly, !d}
   (You found it on level 1 of the Lair of Beasts)
 L - an amulet of rage (around neck) {+Rage, !d}
   (You found it on level 4 of the Lair of Beasts)
 Q - an uncursed ring of resist corrosion
   (You found it on level 4 of the Lair of Beasts)
Wands
 m - a wand of slowing (31/48)
   (You found it on level 5 of the Dungeon)
 o - a wand of disintegration (8/24)
   (You found it on level 5 of the Dungeon)
 t - a wand of acid (5/15)
   (You found it on level 4 of the Dungeon)
 N - a wand of lightning (10/15)
   (You found it on level 4 of the Lair of Beasts)
Scrolls
 i - 2 scrolls of magic mapping {!r}
 l - 2 scrolls of blinking {!r}
 u - 5 scrolls of remove curse
 v - 6 scrolls of identify
 x - 2 scrolls of fog
 A - 4 scrolls of amnesia
 C - 5 scrolls of recharging
 D - 3 scrolls of enchant armour
 M - 3 scrolls of teleportation
Potions
 c - 3 potions of mutation {!q}
 d - a potion of invisibility
 h - 2 potions of agility
 k - 2 potions of flight
 p - a potion of haste
 r - 2 potions of might
 s - a potion of brilliance
 G - a potion of magic
 I - a potion of berserk rage {!q}
 K - 4 potions of curing
 O - a potion of experience {unknown}
Books
 E - a book of Misfortune
   (You found it on level 10 of the Dungeon)
 P - a book of Frost
   (You found it on level 4 of the Lair of Beasts)
Comestibles
 b - 13 bread rations
 f - 7 meat rations
 j - 7 beef jerkies
 n - 7 fruits
 z - 2 royal jellies


   Skills:
 + Level 3.9(3.6) Fighting
 - Level 2.4(2.1) Dodging
 - Level 1.0(0.7) Stealth
 - Level 16.1(15.6) Unarmed Combat
 + Level 11.2(10.8) Invocations
 + Level 2.8(2.5) Evocations


You had 11 spell levels left.
You didn't know any spells.

Dungeon Overview and Level Annotations

Branches:
Dungeon (11/15)            Temple (1/1) D:5            Lair (5/6) D:11
  Swamp (0/4) Lair:4        Snake (0/4) Lair:2          Orc (1/2) D:11
  Slime: Lair:5-6

Altars:
Ashenzari
Cheibriados
Dithmenos
Elyvilon
Fedhas
Gozag
Hepliaklqana
Kikubaaqudgha
Makhleb
Nemelex Xobeh
Okawaru
Qazlal
Ru
Sif Muna
Trog
Uskayaw
Vehumet
Xom
Yredelemnul
Zin
The Shining One

Shops:
D:7 :

Annotations:
D:7 1 runed door


Innate Abilities, Weirdness & Mutations

You are too large for most types of armour.
You have claws for hands.
Your metabolism is lightning-fast.
You like to eat raw meat.
Your natural rate of healing is unusually fast.
You are covered in fur. (AC +1)
You have very tough skin. (AC +2)
You are partially covered in molten scales. (AC +2)
You expend magic power (3 MP) to strengthen your wands.


Message History

Items here: )) [[ † a short sword; a battleaxe; a chain mail; a robe; a troll corpse You mangle the orc warrior!!
The orc warrior is engulfed in roaring flames.
You scratch the orc warrior but do no damage.
You block the orc warrior's attack.
You scratch the orc warrior.
The orc warrior is engulfed in roaring flames.
You kill the orc warrior!
Qazlal accepts your kill.
You closely miss the orc warrior. The orc warrior hits you with a glaive!
* * * LOW HITPOINT WARNING * * *
You closely miss the orc warrior. You closely miss the orc warrior.
You claw the orc warrior. The orc warrior barely misses you.
You scratch the orc warrior but do no damage.
You claw the orc warrior.
You kill the orc warrior!
Qazlal accepts your kill.
There is a staircase to the Orcish Mines, spattered with blood here.
Things that are here:
a glaive; a chain mail
Items here: )) [[ †† a long sword; a plate armour; a ring mail; a hand axe; an orc corpse x2
There is a staircase to the Orcish Mines, spattered with blood here.
Things that are here:
a glaive; a chain mail
Items here: )) [[ † a short sword; a battleaxe; a chain mail; a robe; a troll corpse You butcher the troll corpse.
Items here: % )) [[ ÷ a short sword; a battleaxe; a chain mail; a robe; 6 chunks of flesh a troll skeleton
There is a staircase to the Orcish Mines, spattered with blood here.
Things that are here:
a glaive; a chain mail You start resting.
Your protection from physical attacks is fading.
You start resting.
You feel less protected from physical attacks.
You start resting.
You start waiting.
Done waiting.
You climb downwards.
Welcome to the Orcish Mines!
An orc warrior comes into view. It is wielding a mace of draining.
The orc hits you with a dagger.
You feel protected from physical attacks.
The orc is engulfed in freezing vapours.
You kill the orc!
Qazlal accepts your kill. The orc barely misses you.
The orc sorcerer points at you and mumbles some strange words.
The bolt of fire misses you.
The bolt of fire hits the orc.
The orc dies!
You block the orc's attack. The orc knight misses you.
The orc closely misses you. You block the orc's attack.
The orc sorcerer gestures at you while chanting.
The bolt of fire hits you! You resist.
An orc comes into view. It is wielding a short sword.
There is a staircase back to the Dungeon, spattered with blood here.
You claw the orc knight! The orc hits you but does no damage. x2
The orc knight hits you with a long sword of electrocution!!
The orc warrior closely misses you.
An orc wizard comes into view. It is wielding a dagger.
You closely miss the orc knight. You claw the orc knight!!
The orc priest invokes the aid of Beogh against you.
Beogh smites you!
The orc wizard gestures wildly while chanting.
The orc wizard seems to speed up.
The orc hits you with a dagger.
The orc sorcerer gestures wildly while chanting.
The orc hits you but does no damage.
The orc sorcerer casts a spell.
You claw the orc knight! Your claw misses the orc knight.
The orc wizard begins to cast a cantrip, but forgets the words!
The orc closely misses you.
The orc warrior is engulfed in roaring flames.
You block the orc warrior's attack. The orc knight closely misses you.
The orc high priest is engulfed in freezing vapours.
The orc closely misses you. The orc warrior closely misses you.
The orc priest calls down the wrath of Beogh upon you.
Beogh smites you!
You are too injured to fight recklessly!
You are too injured to fight recklessly!
You are too injured to fight recklessly!
The orc misses you.
The orc wizard casts a spell.
The orc wizard blinks!
The orc closely misses you.
The orc warrior is engulfed in roaring flames.
The orc warrior hits you with a long sword.
The orc hits you but does no damage.
The orc high priest is engulfed in freezing vapours.
The orc warrior hits you with a mace of draining!
You feel drained.
The orc priest casts a cantrip, but nothing happens.
The orc knight hits you with a long sword of electrocution!
* * * LOW HITPOINT WARNING * * *
You are electrocuted!
* * * LOW HITPOINT WARNING * * *
The orc warrior hits you from afar with a halberd.
You die...

...#........$
.$.#........#
..o.........##
....o..o.....#
...Oo.o.....#
...oooooo...##
.....§ooo§...#
...3ooo@o....#
...4..oo)§..##
.....§§oo§...#
.........#..##
............#
#.......$....#
##........# ##
##........


You could see an orc knight, an orc high priest, an ice devil, a ynoxinul, 2 orc
sorcerers, 6 orc warriors, an ogre, 3 orc priests, 2 orc wizards and 7 orcs.

Vanquished Creatures
  Harold (Lair:3)
  The ghost of Xight the Thaumaturge, a journeyman DEFE of Vehumet (D:11)
  Erica (Lair:2)
  Pikel (D:5)
  2 hill giants
  A cyclops (D:11)
  9 elephants
  5 spiny frogs
  3 komodo dragons
  3 trolls
  A merfolk (D:10)
  5 blink frogs
  3 hippogriffs
  7 yaks
  A wyvern (Lair:4)
  A basilisk (Lair:3)
  A steam dragon (Lair:2)
  Menkaure (D:4)
  A warg (D:11)
  6 nagas (Lair:2)
  6 water moccasins
  Duvessa (D:7)
  6 porcupines
  3 orc warriors (D:11)
  An ice beast (D:9)
  An eye of draining (D:8)
  2 black bears
  A necrophage (D:6)
  5 ogres
  5 sky beasts
  5 wolves (Lair:4)
  5 phantoms
  11 centaurs
  9 crocodiles
  16 bullfrogs
  A big kobold (D:9)
  2 gnoll sergeants
  Dowan (D:7)
  3 scorpions
  A water moccasin skeleton (D:11)
  8 killer bees
  8 wights
  3 bullfrog zombies
  7 crimson imps
  A centaur zombie (D:6)
  2 quasits
  5 hounds
  3 centaur skeletons
  4 orc priests
  3 bullfrog skeletons
  4 jellies
  5 iguanas
  12 orc wizards
  9 worker ants
  3 hound skeletons
  Robin (D:4)
  A worker ant zombie (D:4)
  10 adders
  8 gnolls
  A river rat (D:3)
  7 shadow imps
  6 oozes
  An adder skeleton (D:4)
  3 worms
  4 dart slugs
  4 leopard geckos
  24 orcs
  A ball python (D:3)
  9 giant cockroaches
  11 goblins
  13 hobgoblins
  11 jackals
  7 kobolds
  4 quokkas
  7 bats
  4 frilled lizards
  10 rats
  7 fungi
  3 plants
373 creatures vanquished.

Vanquished Creatures (others)
  2 worker ants (D:5)
  An orc (Orc:1)
  A plant (D:11)
4 creatures vanquished.

Grand Total: 377 creatures vanquished

Notes
Turn   | Place    | Note
-------+----------+-------------------------------------------
     0 | D:1      | RKaid the Troll Monk began the quest for the Orb.
     0 | D:1      | Reached XP level 1. HP: 22/22 MP: 0/0
   338 | D:1      | Reached XP level 2. HP: 29/29 MP: 1/1
   576 | D:1      | Reached skill level 4 in Unarmed Combat
  1087 | D:1      | Reached XP level 3. HP: 36/36 MP: 2/2
  1991 | D:3      | Reached XP level 4. HP: 44/44 MP: 3/3
  2003 | D:3      | Reached skill level 5 in Unarmed Combat
  2247 | D:3      | Found a glowing drain.
  2258 | D:3      | Reached XP level 5. HP: 36/50 MP: 4/4
  2382 | D:3      | Reached skill level 6 in Unarmed Combat
  2482 | D:3      | Found a burning altar of Makhleb.
  3125 | D:4      | Noticed Menkaure
  3131 | D:4      | Killed Menkaure
  3131 | D:4      | Reached skill level 7 in Unarmed Combat
  3131 | D:4      | Reached XP level 6. HP: 33/59 MP: 5/5
  3137 | D:4      | Noticed Robin
  3150 | D:4      | Killed Robin
  3455 | D:4      | Reached skill level 8 in Unarmed Combat
  3509 | D:4      | Reached XP level 7. HP: 66/66 MP: 6/6
  3816 | D:5      | Entered Level 5 of the Dungeon
  3847 | D:5      | Noticed Pikel
  3857 | D:5      | Killed Pikel
  3857 | D:5      | Reached skill level 9 in Unarmed Combat
  3857 | D:5      | Reached XP level 8. HP: 39/74 MP: 7/7
  3974 | D:5      | Reached skill level 10 in Unarmed Combat
  4270 | D:5      | Found a basalt altar of Yredelemnul.
  4350 | D:5      | Found a staircase to the Ecumenical Temple.
  4514 | D:5      | Reached skill level 11 in Unarmed Combat
  5305 | D:6      | Reached XP level 9. HP: 79/79 MP: 8/8
  5401 | D:6      | Reached skill level 12 in Unarmed Combat
  5763 | D:7      | Noticed Duvessa
  5763 | D:7      | Noticed Dowan
  5804 | Temple   | Entered the Ecumenical Temple
  5961 | Temple   | Became a worshipper of Qazlal Stormbringer
  5961 | Temple   | Reached * piety under Qazlal
  5961 | Temple   | Reached ** piety under Qazlal
  6029 | D:7      | Noticed a sixfirhy
  6032 | D:7      | Found a runed door.
  6061 | D:7      | Reached skill level 1 in Invocations
  6182 | D:7      | Reached skill level 2 in Invocations
  6389 | D:7      | Gained mutation: You are partially covered in molten scales. (AC +2) [mutagenic meat]
  6390 | D:7      | Gained mutation: You expend magic power (3 MP) to strengthen your wands. [mutagenic meat]
  6405 | D:7      | Reached skill level 3 in Invocations
  6426 | D:7      | Noticed a troll
  6435 | D:7      | Killed a troll
  6740 | D:7      | Killed Duvessa
  6740 | D:7      | Reached skill level 13 in Unarmed Combat
  6740 | D:7      | Reached skill level 4 in Invocations
  6750 | D:7      | Killed Dowan
  6789 | D:7      | Found Cyip's Book Boutique.
  7218 | D:8      | Reached XP level 10. HP: 87/87 MP: 8/12
  7243 | D:8      | Reached skill level 5 in Invocations
  7291 | D:8      | Found a shadowy altar of Dithmenos.
  7522 | D:8      | Reached *** piety under Qazlal
  7574 | D:8      | Found a white marble altar of Elyvilon.
  8145 | D:9      | Reached skill level 6 in Invocations
  8661 | D:9      | Reached **** piety under Qazlal
  8904 | D:10     | Entered Level 10 of the Dungeon
  9242 | D:10     | Reached skill level 14 in Unarmed Combat
  9242 | D:10     | Reached skill level 7 in Invocations
  9314 | D:10     | Noticed a hill giant
  9320 | D:10     | Killed a hill giant
  9481 | D:10     | Found a blossoming altar of Fedhas.
 10007 | D:11     | Noticed a cyclops
 10013 | D:11     | Noticed a hill giant
 10014 | D:11     | Killed a cyclops
 10014 | D:11     | Reached XP level 11. HP: 87/93 MP: 15/15
 10020 | D:11     | Killed a hill giant
 10020 | D:11     | Reached skill level 8 in Invocations
 10096 | D:11     | Noticed Xight's ghost (journeyman DEFE)
 10101 | D:11     | Killed Xight's ghost
 10309 | D:11     | Found a staircase to the Lair.
 10443 | D:11     | Found a staircase to the Orcish Mines.
 10701 | Lair:1   | Entered Level 1 of the Lair of Beasts
 11340 | Lair:1   | HP: 21/93 [crocodile (4)]
 11752 | Lair:2   | Noticed Erica
 11757 | Lair:2   | Killed Erica
 11757 | Lair:2   | Reached skill level 15 in Unarmed Combat
 11757 | Lair:2   | Reached skill level 9 in Invocations
 12127 | Lair:2   | Found a shadowy altar of Dithmenos.
 12145 | Lair:2   | HP: 21/93 [centaur/arrow (11)]
 12352 | Lair:2   | Found a staircase to the Snake Pit.
 12813 | Lair:3   | Reached skill level 10 in Invocations
 12904 | Lair:3   | Noticed Harold
 12906 | Lair:3   | Reached XP level 12. HP: 98/103 MP: 18/18
 12933 | Lair:3   | Killed Harold
 13238 | Lair:3   | Reached ***** piety under Qazlal
 13263 | Lair:3   | Found a frozen archway.
 13540 | Lair:4   | Reached skill level 16 in Unarmed Combat
 13768 | Lair:4   | Found a staircase to the Swamp.
 14304 | Lair:5   | Reached skill level 1 in Evocations
 14305 | Lair:5   | Reached skill level 3 in Fighting
 14316 | Lair:5   | HP: 21/104 [elephant (20)]
 14393 | Lair:4   | Reached skill level 11 in Invocations
 14486 | Lair:5   | Reached skill level 2 in Evocations
 14521 | Lair:5   | Noticed a death yak
 14524 | Lair:5   | Noticed a death yak
 14524 | Lair:5   | HP: 24/104 [black mamba (12)]
 14527 | Lair:5   | Noticed a death yak
 14529 | Lair:4   | HP: 11/104 [poisoned by a black mamba]
 14534 | Lair:4   | HP: 9/105 [poisoned by a black mamba]
 14539 | Lair:4   | HP: 8/105 [poisoned by a black mamba]
 14545 | Lair:4   | HP: 9/105 [poisoned by a black mamba]
 14551 | Lair:4   | HP: 11/105 [poisoned by a black mamba]
 14559 | Lair:4   | HP: 15/105 [poisoned by a black mamba]
 14669 | Lair:4   | Noticed a death yak
 14677 | Lair:4   | Noticed a death yak
 14678 | Lair:4   | Noticed a death yak
 14680 | Lair:4   | Noticed a death yak
 14680 | Lair:4   | Noticed a death yak
 14682 | Lair:4   | Noticed a death yak
 14839 | Orc:1    | Entered Level 1 of the Orcish Mines
 14843 | Orc:1    | Noticed an orc high priest
 14873 | D:11     | HP: 18/106 [orc warrior/glaive[an orc high priest] (15)]
 15111 | Orc:1    | HP: 20/106 [orc knight/long sword of electrocution (16)]
 15111 | Orc:1    | HP: 3/106 [orc knight/long sword of electrocution (17)]
 15111 | Orc:1    | Slain by an orc warrior

Skill      XL: |  1  2  3  4  5  6  7  8  9 10 11 12 |
---------------+-------------------------------------+-----
Unarmed Combat | 4 5 7 8 9 11 13 14 15 16 | 16.1
Invocations    | 4 7 10 11 | 11.2
Evocations     | 2 |  2.8
Fighting       | 3 |  3.9
Dodging        | |  2.4
Stealth        | |  1.0

Action                   |  1- 3 |  4- 6 |  7- 9 | 10-12 || total
-------------------------+-------+-------+-------+-------++-------
Melee: Unarmed           |    84 |   152 |   208 |   506 ||   950
       Punch             |       |     7 |    11 |    40 ||    58
Invok: Upheaval          |       |       |       |     1 ||     1
  Use: Scroll            |       |       |    11 |    16 ||    27
 Stab: Sleeping          |     5 |       |     4 |       ||     9
       Distracted        |       |       |     1 |       ||     1
  Eat: Chunk             |    22 |    15 |    36 |    67 ||   140
Armor: Robe              |    28 |    33 |    56 |   173 ||   290
Dodge: Dodged            |    42 |    58 |    96 |   223 ||   419
       Deflected         |       |       |       |    22 ||    22
Block: Other             |       |       |     9 |   111 ||   120

Vault maps used:
D:1:      evilmike_arrival_rings
D:2:      first_bread, minmay_rat_gold_closets
D:3:      makhleb_grotto_becter, portal_sewer_entry_b
D:4:      uniq_robin, uniq_menkaure
D:5:      lemuel_coloured_pillars_altar, lightli_corner_chamber, uniq_pikel
D:7:      cheibrodos_shockbox, serial_shops, nicolae_shop_waterfront,
          uniq_duvessa
D:8:      nicolae_dithmenos_the_darkroom, elyvilon_altar_5
D:10:     basic_altar, hangedman_fish_farm
D:11:     david_lair_shrubbed, orc_0_dummy, minmay_holes
Temple:   minmay_crystal_spiral_temple
Lair:1:   grunt_megastairs_3
Lair:2:   minmay_snake_entry_guardpost_medium, lemuel_centaur_altar,
          grunt_megastairs_4, lemuel_fruit_tree, uniq_erica
Lair:3:   portal_ice_cave_entry_pillars_1, uniq_harold
Lair:4:   swamp_mist_pool
Lair:5:   bh_autumn_forest_stairs
Orc:1:    serial_shops, shop

Table legend:
 A = Turns spent in this place as a percentage of turns spent in the entire game.
 B = Non-inter-level travel turns spent in this place as a percentage of non-inter-level travel turns spent in the entire game.
 C = Inter-level travel turns spent in this place as a percentage of turns spent in this place.
 D = Turns resting spent in this place as a percentage of non-inter-level travel turns spent in this place.
 E = Turns spent auto-exploring this place as a percentage of non-inter-level travel turns spent in this place.
 F = Non-inter-level travel turns spent in this place divided by the number of levels of this place that you've seen.
                   A       B       C       D       E      F
               +-------+-------+-------+-------+-------+----------------------
         Total | 100.0 | 100.0 |   0.6 |   2.8 |  10.0 | 208.1
       Dungeon |  72.5 |  72.6 |   0.5 |   1.9 |  11.3 | 247.1
        Temple |   2.7 |   2.7 |   1.9 |   0.0 |   0.0 | 101.0
          Lair |  24.4 |  24.3 |   0.7 |   5.9 |   7.2 | 182.4
  Orcish Mines |   0.4 |   0.4 |   0.0 |   0.0 |   0.0 |  15.0
               +-------+-------+-------+-------+-------+----------------------

Table legend:
 A = Kills in this place as a percentage of kills in entire the game.
 B = Kills by you in this place as a percentage of kills by you in the entire game.
 C = Kills by friends in this place as a percentage of kills by friends in the entire game.
 D = Other kills in this place as a percentage of other kills in the entire game.
 E = Experience gained in this place as a percentage of experience gained in the entire game.
 F = Experience gained in this place divided by the number of levels of this place that you have seen.
                   A       B       C       D       E      F
               +-------+-------+-------+-------+-------+----------------------
         Total | 100.0 | 100.0 |  -nan |  -nan | 100.0 | 1822.9
       Dungeon |  78.8 |  78.8 |  -nan |  -nan |  47.3 | 1410.5
          Lair |  20.4 |  20.4 |  -nan |  -nan |  52.5 | 3442.2
  Orcish Mines |   0.8 |   0.8 |  -nan |  -nan |   0.3 |  86.0
               +-------+-------+-------+-------+-------+----------------------
